 Dungeon Crawl Stone Soup version 0.22.0-16-gc6d26f6 (webtiles) character file.

2087 sking99 the Insei (level 9, -5/62 HPs)
             Began as an Octopode Transmuter on Aug 17, 2018.
             Was a Priest of Okawaru.
             Slain by a hornet (16 damage)
             ... on level 8 of the Dungeon.
             The game lasted 00:15:22 (8170 turns).

sking99 the Insei (Octopode Transmuter)             Turns: 8170, Time: 00:15:23

Health: -5/62      AC:  1    Str: 10    XL:     9   Next: 27%
Magic:  8/13       EV: 15    Int: 15    God:    Okawaru [***...]
Gold:   395        SH:  0    Dex: 15    Spells: 2/12 levels left

rFire    . . .     SeeInvis .     - Unarmed
rCold    . . .     Gourm    .   (no shield)
rNeg     . . .     Faith    .   (helmet restricted)
rPois    .         Spirit   .   r - amulet of regeneration
rElec    .         Reflect  .   (no ring)
rCorr    .         Harm     .   (no ring)
MR       .....                  (no ring)
Stlth    ++........             (no ring)
HPRegen  0.60/turn              (no ring)
MPRegen  0.13/turn              (no ring)
                                (no ring)
                                (no ring)

@: lethally poisoned (-5 -> -5), very slightly contaminated, slowed, very slow
A: almost no armour, stealthy swim, amphibious, 8 rings, constrict 8, camouflage
1, gelatinous body 1
a: Heroism, Renounce Religion


You were on level 8 of the Dungeon.
You worshipped Okawaru.
Okawaru was most pleased with you.
You were very hungry.

You visited 1 branch of the dungeon, and saw 8 of its levels.

You collected 395 gold pieces.

Inventory:

Missiles
 a - 185 arrows
Jewellery
 e - an uncursed ring of see invisible {unknown}
 m - a +5 ring of dexterity {unknown}
 r - an amulet of regeneration (around mantle)
 s - a cursed ring of attention {unknown}
Wands
 d - a wand of disintegration (3)
Scrolls
 b - 3 scrolls of immolation
 f - a scroll of noise {unknown}
 h - a scroll of enchant weapon {unknown}
 j - 3 scrolls of magic mapping
 t - a scroll of enchant armour {unknown}
 u - a scroll of summoning {unknown}
Potions
 g - 6 potions of curing
 i - a potion of magic
 k - a potion of brilliance
 l - 3 potions of resistance
 n - a potion of cancellation {unknown}
 o - a potion of heal wounds
 p - 2 potions of haste {unknown}
 q - a potion of ambrosia {unknown}
Comestibles
 c - 10 rations


   Skills:
 - Level 6.0 Fighting
 + Level 3.4 Dodging
 + Level 7.6 Unarmed Combat
 - Level 2.0 Spellcasting
 - Level 4.0 Transmutations
 - Level 2.0 Poison Magic
 - Level 6.0 Invocations


You had 2 spell levels left.
You knew the following spells:

 Your Spells              Type           Power        Failure   Level  Hunger
a - Beastly Appendage     Tmut           ##....       4%          1    #......
b - Sticks to Snakes      Tmut           ##......     6%          2    ###....
c - Spider Form           Tmut/Pois      ##........   19%         3    ###....
d - Ice Form              Ice/Tmut       #.......     67%         4    #####..

Your spell library contained the following spells:

 Spells                   Type           Power        Failure   Level  Hunger
 Blade Hands              Tmut           ##........   75%         5    ######.


Dungeon Overview and Level Annotations

Branches:
Dungeon (8/15)             Temple (0/1) D:4
   Lair: D:8-11

Altars:
Okawaru
Sif Muna


Innate Abilities, Weirdness & Mutations

You cannot wear most types of armour.
You are very stealthy in the water. (Stealth+)
You are amphibious.
You can wear up to eight rings at the same time.
You can use your tentacles to constrict eight enemies at once.
Your skin changes colour to match your surroundings (Stealth+).
Your rubbery body absorbs attacks. (AC +1, EV +1)


Message History

You feel as though you will be slow longer.
Your adder bites the hornet.
Your ball python barely misses the hornet.
Your ball python constricts the hornet.
The hound misses you. The hornet misses you.
Your adder bites the hornet.
The hornet is poisoned.
Your adder poisons the hornet!
Your ball python bites the hornet but does no damage.
Your ball python constricts the hornet.
The hound misses you. The hornet closely misses you.
You closely miss the hornet.
You squeeze the hornet, but do no damage.
The hornet is moderately wounded.
You feel sick.
Your adder barely misses the hornet.
The hound bites you.
* * * LOW HITPOINT WARNING * * *
The hornet barely misses you.
Your ball python bites the hornet.
Your ball python constricts the hornet.
The hound bites your adder.
Your adder barely misses the hound.
The hound barely misses you.
Your ball python barely misses the hornet.
Your ball python constricts the hornet.
The hornet stings you!
You die...

...###.....# ....
..........## #....# ..
..........# #....###..
....####..#####.........
....# ##..#............
....# #..............
...## ###............. .
...# #...........##....
... ./......#..h@.......
.....#####.###.y........
#... #.# #hSS......#
##.......###..# .......#
.# ........## #
.####..## ##.#


You could see a hornet, 2 hounds, a friendly adder and a friendly ball python.

Vanquished Creatures
  A two-headed ogre (D:5)
  Menkaure (D:6)
  A sky beast (D:6)
  An ogre (D:5)
  A phantom (D:7)
  3 centaurs
  2 bullfrogs (D:6)
  3 scorpions
  2 hounds
  A jelly (D:5)
  A bullfrog skeleton (D:4)
  A centaur skeleton (D:5)
  3 worker ants
  3 iguanas
  2 orc wizards
  A hound zombie (D:4)
  2 howler monkey skeletons
  2 adders (D:3)
  3 gnolls (D:2)
  A shadow imp (D:5)
  An ooze (D:1)
  An adder zombie (D:5)
  2 worms (D:2)
  A dart slug (D:3)
  6 leopard geckos
  26 orcs
  8 bats
  3 giant cockroaches
  8 goblins
  4 hobgoblins
  3 jackals (D:1)
  4 quokkas
  2 ball pythons (D:1)
  6 frilled lizards
  8 kobolds
  A leopard gecko skeleton (D:6)
  A quokka skeleton (D:6)
  10 rats
130 creatures vanquished.

Vanquished Creatures (collateral kills)
  An ogre (D:4)
1 creature vanquished.

Vanquished Creatures (others)
  2 plants (D:5)
2 creatures vanquished.

Grand Total: 133 creatures vanquished

Notes
Turn   | Place    | Note
-------+----------+-------------------------------------------
     0 | D:1      | sking99 the Octopode Transmuter began the quest for the Orb.
     0 | D:1      | Reached XP level 1. HP: 13/13 MP: 3/3
   316 | D:1      | Reached XP level 2. HP: 14/18 MP: 3/5
   854 | D:1      | Reached XP level 3. HP: 21/24 MP: 6/6
   892 | D:1      | Learned a level 2 spell: Sticks to Snakes
   896 | D:1      | Learned a level 3 spell: Spider Form
  1383 | D:2      | Reached skill level 1 in Poison Magic
  1623 | D:2      | Found an iron altar of Okawaru.
  1645 | D:2      | Became a worshipper of Warmaster Okawaru
  1670 | D:2      | You fall through a shaft!
  1676 | D:3      | Reached XP level 4. HP: 25/29 MP: 3/7
  2966 | D:3      | Reached XP level 5. HP: 34/34 MP: 4/8
  3290 | D:4      | Noticed an ogre
  3324 | D:4      | Killed an ogre
  3324 | D:4      | Reached * piety under Okawaru
  3728 | D:4      | Reached skill level 4 in Unarmed Combat
  3731 | D:4      | Reached skill level 1 in Invocations
  3756 | D:4      | Reached XP level 6. HP: 35/41 MP: 1/9
  4157 | D:4      | Found a staircase to the Ecumenical Temple.
  4303 | D:5      | Entered Level 5 of the Dungeon
  4323 | D:5      | HP: 2/41 [centaur (10)]
  4328 | D:5      | Reached skill level 5 in Unarmed Combat
  4328 | D:5      | Reached XP level 7. HP: 9/45 MP: 7/10
  4614 | D:5      | Noticed a two-headed ogre
  4632 | D:5      | HP: 2/45 [two-headed ogre/giant spiked club (28)]
  5222 | D:5      | Killed a two-headed ogre
  5222 | D:5      | Reached ** piety under Okawaru
  5222 | D:5      | Reached *** piety under Okawaru
  5222 | D:5      | Reached skill level 6 in Unarmed Combat
  5222 | D:5      | Reached skill level 5 in Invocations
  5222 | D:5      | Reached XP level 8. HP: 12/54 MP: 2/12
  6437 | D:6      | Noticed Menkaure
  6454 | D:6      | Killed Menkaure
  6454 | D:6      | Reached skill level 5 in Fighting
  6522 | D:6      | Reached skill level 7 in Unarmed Combat
  6841 | D:6      | Reached XP level 9. HP: 55/61 MP: 10/13
  7797 | D:7      | Found a deep blue altar of Sif Muna.
  8128 | D:8      | Learned a level 4 spell: Ice Form
  8160 | D:8      | Noticed a hornet
  8165 | D:8      | Paralysed by a hornet for 2 turns
  8170 | D:8      | Slain by a hornet

Skill      XL: |  1  2  3  4  5  6  7  8  9 |
---------------+----------------------------+-----
Poison Magic   | 1 2 |  2.0
Transmutations | 3 4 |  4.0
Fighting       | 2 4 5 6 |  6.0
Unarmed Combat | 4 5 6 7 |  7.6
Invocations    | 1 3 5 6 |  6.0
Dodging        | 3 |  3.4
Spellcasting   | |  2.0

Action                   |  1- 3 |  4- 6 |  7- 9 || total
-------------------------+-------+-------+-------++-------
Melee: Unarmed           |    98 |   106 |   134 ||   338
       Constrict         |    25 |    11 |    11 ||    47
       Tentacles         |    12 |    12 |    11 ||    35
       Kick              |     1 |       |     3 ||     4
       Punch             |       |     1 |     2 ||     3
 Cast: Beastly Appendage |     2 |       |     1 ||     3
       Spider Form       |     1 |    11 |    12 ||    24
       Sticks to Snakes  |       |     2 |     7 ||     9
Invok: Heroism           |       |     3 |     1 ||     4
Evoke: Wand              |       |       |     2 ||     2
  Use: Scroll            |       |     9 |     2 ||    11
       Potion            |       |     1 |     2 ||     3
 Stab: Sleeping          |    12 |     4 |     4 ||    20
       Distracted        |     1 |       |       ||     1
  Eat: Chunk             |     2 |    10 |     7 ||    19
       Ration            |       |       |     2 ||     2
Armor: Skin              |     7 |     1 |     8 ||    16
Dodge: Dodged            |    67 |    73 |    79 ||   219
